 Dungeon Crawl Stone Soup version 0.31-a0-986-g5e6e4ef867 (webtiles) character file.

Game seed: 6768966282966479116

145 Sanktem7 the Sneak (level 5, -4/24 HPs)
             Began as a Spriggan Enchanter on Nov 10, 2023.
             Slain by an ogre
             ... wielding a +0 giant club
              (14 damage)
             ... on level 4 of the Dungeon.
             The game lasted 00:12:34 (2979 turns).

Sanktem7 the Sneak (Spriggan Enchanter)             Turns: 2979, Time: 00:12:35

Health: -4/24      AC:  6    Str:  4    XL:     5   Next: 6%
Magic:  6/20       EV: 18    Int: 19    God:
Gold:   103        SH:  0    Dex: 15    Spells: 3/11 levels left

rFire   . . .        q - +3 short sword (freeze) {short}
rCold   . . .        (no shield)
rNeg    . . .        b - +0 robe
rPois   .            (helmet restricted)
rElec   .            (no cloak)
rCorr   .            (gloves unavailable)
SInv    +            (boots unavailable)
Will    .....        (no amulet)
Stlth   +++          t - +4 ring of protection
HPRegen 0.24/turn    v - ring of magical power
MPRegen 0.17/turn

%: no passive effects
@: confusing by touch, very quick
A: very small, no large weapons, unfitting armour, see invisible, speed 3
a: no special abilities


You were on level 4 of the Dungeon.
You visited 1 branch of the dungeon, and saw 4 of its levels.

You collected 103 gold pieces.


Innate Abilities, Weirdness & Mutations

You are very small and have problems with some larger weapons.
You are too small for most types of armour.
You have supernaturally acute eyesight. (SInv)
You cover ground extremely quickly. (Speed+++)


   Skills:
 + Level 2.2 Short Blades
 + Level 3.6 Dodging
 * Level 6.4 Stealth
 + Level 3.6 Spellcasting
 + Level 4.3 Hexes


You had 3 spell levels left.
You knew the following spells:

 Your Spells              Type           Power      Damage    Failure   Level
a - Ensorcelled Hibernat  Hex/Ice        22%        N/A       9%          2
b - Confusing Touch       Hex            19%        N/A       8%          3
c - Tukima's Dance        Hex            19%        N/A       8%          3

Your spell library contained the following spells:

 Spells                   Type           Power      Damage    Failure   Level
 Dazzling Flash           Conj/Hex       22%        N/A       19%         3

Inventory:

Hand Weapons
 a - a +1 dagger {short}
 q - a +3 short sword of freezing (weapon) {short}
   (You took it off a kobold on level 2 of the Dungeon)
Missiles
 d - 6 curare-tipped darts {=fthrowing}
 f - 51 stones {throwing}
 x - 3 boomerangs {throwing}
Armour
 b - a +0 robe (worn)
Jewellery
 t - a +4 ring of protection (left hand)
   (You found it on level 3 of the Dungeon)
 v - a ring of magical power (right hand)
   (You found it on level 3 of the Dungeon)
Scrolls
 g - 2 scrolls of fog {unknown}
 h - 2 scrolls of blinking {unknown}
 i - a scroll of poison {unknown}
 m - 4 scrolls of identify {unknown}
 n - a scroll of fear {unknown}
 o - a scroll of vulnerability {unknown}
 p - a scroll of brand weapon {unknown}
 r - a scroll of torment {unknown}
 s - a scroll of teleportation {unknown}
 y - a scroll of amnesia {unknown}
Potions
 c - 2 potions of invisibility
 e - 2 potions of berserk rage {unknown}
 j - a potion of heal wounds {unknown}
 k - 2 potions of enlightenment {unknown}
 l - 5 potions of curing {unknown}
 u - a potion of ambrosia {unknown}
 w - a potion of lignification {unknown}
 z - a potion of haste {unknown}

Dungeon Overview and Level Annotations

Branches:
Dungeon (4/15) Zot: 21907
 Temple: D:4-7

Altars:
Nemelex Xobeh
The Shining One

.....+..........#
......#..........#
......######.....#
#.........#.....#
#.(>......'.....#
#.........#.....#
#.........#.....#
#.........#O....#
#.........#@....#
#.........#.....+
#.........#######
###########


You could see an ogre.


Message History

The helpless jelly fails to defend itself.
You impale the jelly!! You freeze the jelly.
You kill the jelly!
You have reached level 5!
You feel clever. 😎 HP[+3]
You now have 24 max hp (+3).
Your hp is fully restored (24).
You now have 103 gold pieces (gained 5). 😎 MP[+1]
You open the door.
Found an escape hatch in the floor.
There is an open door here. 😎 MP[+6]
Your mp is fully restored (20).
An ogre comes into view. It is wielding a +0 giant club.
An ogre is nearby!
The ogre shouts!
Casting: Ensorcelled Hibernation (safe; 9% risk of failure)
Confirm with . or Enter, or press ? or * to list all spells.
Aiming: Ensorcelled Hibernation (safe; 9% risk of failure)
Press: ? - help, Shift-Dir - straight line, f - ogre
Aim: an ogre, wielding a +0 giant club (chance to affect: 45%)
The ogre looks drowsy... 😎 MP[-2]
You lost 2 mp, and now have 18/20 mp.
The helpless ogre fails to defend itself.
You impale the ogre!! You freeze the ogre.
The ogre hits you with a +0 giant club!!
Ouch! That really hurt!
* * * LOW HITPOINT WARNING * * *
😱 HP[-22]
You take 22 damage, and now have 2/24 hp.
MASSIVE DAMAGE!! (PAUSE)
Casting: Ensorcelled Hibernation (safe; 9% risk of failure)
Confirm with . or Enter, or press ? or * to list all spells.
Your hands begin to glow red. 😱 MP[-3]
You lost 3 mp, and now have 15/20 mp. 😱 HP[+1]
The ogre attacks as it pursues you! The ogre misses you.
There is an open door here. 😱 MP[+1]
Casting: Confusing Touch (quite dangerous; 8% risk of failure)
Confirm with . or Enter, or press ? or * to list all spells.
Aiming: Ensorcelled Hibernation (safe; 9% risk of failure)
Press: ? - help, Shift-Dir - straight line, f/p - ogre
Aim: an ogre, wielding a +0 giant club (almost dead, chance to confuse on hit: 51%, not susceptible)
The ogre is unaffected. 😱 HP[+1] MP[-2]
You lost 2 mp, and now have 14/20 mp.
Casting: Ensorcelled Hibernation (safe; 9% risk of failure)
Confirm with . or Enter, or press ? or * to list all spells.
Aiming: Tukima's Dance (quite dangerous; 8% risk of failure)
Press: ? - help, Shift-Dir - straight line, f/p - ogre
Aim: an ogre, wielding a +0 giant club (almost dead, chance to confuse on hit: 51%, chance to affect: 51%)
The ogre resists with significant effort. 😱 MP[-3]
You lost 3 mp, and now have 11/20 mp. 😱 HP[+1]
Casting: Tukima's Dance (quite dangerous; 8% risk of failure)
Confirm with . or Enter, or press ? or * to list all spells.
Aiming: Tukima's Dance (quite dangerous; 8% risk of failure)
Press: ? - help, Shift-Dir - straight line, f/p - ogre
Aim: an ogre, wielding a +0 giant club (almost dead, chance to confuse on hit: 51%, chance to affect: 51%)
The ogre resists with significant effort. 😱 MP[-2]
You lost 2 mp, and now have 9/20 mp.
There is a stone staircase leading up here.
Your hands stop glowing. 😱 HP[+1] 😱 MP[+1] 😨 HP[+1]
Casting: Tukima's Dance (quite dangerous; 8% risk of failure)
Confirm with . or Enter, or press ? or * to list all spells.
You don't know that spell.
Casting: Tukima's Dance (quite dangerous; 8% risk of failure)
Confirm with . or Enter, or press ? or * to list all spells.
You don't know that spell.
Casting: Tukima's Dance (quite dangerous; 8% risk of failure)
Confirm with . or Enter, or press ? or * to list all spells.
Aiming: Tukima's Dance (quite dangerous; 8% risk of failure)
Press: ? - help, Shift-Dir - straight line, f/p - ogre
Aim: an ogre, wielding a +0 giant club (almost dead, chance to affect: 51%)
You miscast Tukima's Dance.
You are very lightly contaminated with residual magic.
Nothing appears to happen. 😨 MP[-3]
You lost 3 mp, and now have 7/20 mp. 😨 HP[+1] MP[+1] 😨 HP[+1] 😨 MP[+1]
Casting: Tukima's Dance (quite dangerous; 8% risk of failure)
Confirm with . or Enter, or press ? or * to list all spells.
Your hands begin to glow red.
Your magical contamination has completely faded away. 😨 HP[+1] MP[-3]
You lost 3 mp, and now have 6/20 mp.
You hit the ogre but do no damage. The ogre hits you with a +0 giant club!
Ouch! That really hurt!
You die...

Skill      XL: |  1  2  3  4 |
---------------+-------------+-----
Dodging        | 3 |  3.6
Stealth        | 5 6 |  6.4
Spellcasting   | 3 |  3.6
Hexes          | 4 |  4.3
Short Blades   | 2 |  2.2

Action                     |  1- 3 |  4- 6 || total
---------------------------+-------+-------++-------
  Melee: Dagger            |    64 |     3 ||    67
         Short sword       |       |    20 ||    20
   Cast: Ensorcelled Hiber |    22 |    22 ||    44
         Tukima's Dance    |       |     2 ||     2
         Confusing Touch   |       |     2 ||     2
   Stab: Sleeping          |    28 |    19 ||    47
 Armour: Robe              |    15 |     5 ||    20
  Dodge: Dodged            |    54 |    10 ||    64

Levels and vault maps discovered:
D:1:      minmay_arrival_wavy_path, layout_basic,
          chequers_ecumenical_altar_twisty, minmay_pentomino_t2
D:2:      layout_loops_ring, uniq_terence
D:3:      layout_basic
D:4:      layout_gridville, nemelex_xobeh_ov_fountains_minmay, tso_oasis_becter,
          serial_rivers, chequers_serial_rivers_small_a,
          chequers_serial_rivers_marsh, chequers_serial_rivers_micro_b,
          chequers_serial_rivers_micro_b, chequers_serial_rivers_micro_a

Notes
Turn   | Place    | Note
-------+----------+-------------------------------------------
     0 | D:1      | Sanktem7 the Spriggan Enchanter began the quest for the
                  | Orb.
     0 | D:1      | Reached XP level 1. HP: 9/9 MP: 5/5
     0 | D:1      | magus.rc [v1.9.6]
   158 | D:1      | Reached XP level 2. HP: 13/13 MP: 6/6
   161 | D:1      | Learned a level 2 spell: Ensorcelled Hibernation
   340 | D:1      | Reached skill level 3 in Dodging
   347 | D:1      | Reached skill level 5 in Stealth
   365 | D:1      | Reached skill level 3 in Spellcasting
   481 | D:1      | Found a faded altar of an unknown god.
   905 | D:1      | Reached XP level 3. HP: 16/16 MP: 5/8
  1223 | D:2      | Reached skill level 4 in Hexes
  1328 | D:2      | Noticed Terence
  1350 | D:2      | Killed Terence
  1351 | D:2      | Reached skill level 2 in Short Blades
  1351 | D:2      | Reached XP level 4. HP: 21/21 MP: 0/10
  1519 | D:2      | Reached skill level 6 in Stealth
  2552 | D:4      | Found a sparkling altar of Nemelex Xobeh.
  2602 | D:4      | Learned a level 3 spell: Confusing Touch
  2606 | D:4      | Learned a level 3 spell: Tukima's Dance
  2828 | D:4      | Found a glowing golden altar of the Shining One.
  2879 | D:4      | Reached XP level 5. HP: 24/24 MP: 11/11
  2924 | D:4      | Noticed an ogre
  2931 | D:4      | HP: 2/24 [ogre/+0 giant club (22)]
  2979 | D:4      | Slain by an ogre

Vanquished Creatures
  A jelly (D:4)
  Terence (D:2)
  An adder (D:2)
  A gnoll (D:1)
  A worm (D:2)
  5 orcs (D:4)
  5 endoplasms
  3 goblins
  9 hobgoblins
  6 jackals (D:1)
  5 kobolds (D:2)
  5 quokkas
  6 ball pythons
  2 bats
  4 rats
55 creatures vanquished.

Table legend:
 A = Non-vault XP
 B = Vault XP
 C = Vault XP percentage of total XP
 D = Non-vault monster count
 E = Vault monster count
 F = Vault count percentage of total count
                 A         B        C        D         E       F
            +---------+---------+-------+---------+---------+-------
      Total |     170 |      38 |  18.3 |      53 |       2 |   3.6
            +---------+---------+-------+---------+---------+-------
        D:1 |      53 |       2 |   3.6 |      23 |       1 |   4.2
        D:2 |      48 |      36 |  42.9 |      17 |       1 |   5.6
        D:3 |       8 |       0 |   0.0 |       5 |       0 |   0.0
        D:4 |      61 |       0 |   0.0 |       8 |       0 |   0.0
            +---------+---------+-------+---------+---------+-------

Skill      XL: |  1  2  3  4 |
---------------+-------------+-----
Dodging        | 3 |  3.6
Stealth        | 5 6 |  6.4
Spellcasting   | 3 |  3.6
Hexes          | 4 |  4.3
Short Blades   | 2 |  2.2

Action                     |  1- 3 |  4- 6 || total
---------------------------+-------+-------++-------
  Melee: Dagger            |    64 |     3 ||    67
         Short sword       |       |    20 ||    20
   Cast: Ensorcelled Hiber |    22 |    22 ||    44
         Tukima's Dance    |       |     2 ||     2
         Confusing Touch   |       |     2 ||     2
   Stab: Sleeping          |    28 |    19 ||    47
 Armour: Robe              |    15 |     5 ||    20
  Dodge: Dodged            |    54 |    10 ||    64

Illustrated notes

Table legend:
 A = Kills in this place as a percentage of kills in the entire game.
 B = Kills by you in this place as a percentage of kills by you in the entire game.
 C = Kills by friends in this place as a percentage of kills by friends in the entire game.
 D = Other kills in this place as a percentage of other kills in the entire game.
 E = Experience gained in this place as a percentage of experience gained in the entire game.
 F = Experience gained in this place divided by the number of levels of this place that you have seen.
                   A       B       C       D       E      F
               +-------+-------+-------+-------+-------+----------------------
         Total | 100.0 | 100.0 |   N/A |   N/A | 100.0 |  52.0
       Dungeon | 100.0 | 100.0 |   N/A |   N/A | 100.0 |  52.0
               +-------+-------+-------+-------+-------+----------------------

Table legend: (Time is in decaauts)
 A = Elapsed time spent in this place.
 B = Non-inter-level travel time spent in this place.
 C = Inter-level travel time spent in this place.
 D = Time resting spent in this place.
 E = Time spent auto-exploring this place.
 F = Levels seen in this place.
 G = Mean time per level.
                   A        B        C        D        E       F      G
               +--------+--------+--------+--------+--------+-----+--------+
         Total |   2091 |   2024 |     67 |    296 |    915 |   4 |  522.8 |
       Dungeon |   2091 |   2024 |     67 |    296 |    915 |   4 |  522.8 |
               +--------+--------+--------+--------+--------+-----+--------+

Top non-repeatable levels by time:
     D:1: 710 daAuts
     D:2: 641 daAuts
     D:3: 408 daAuts
     D:4: 330 daAuts
